Cogmind - Beta 17.1 @@@ ROGUE MODE // 2026.08.28 @ 18:28:34 Player: Bsuter Result: Destroyed by as-27962 with Assembled Heavy Rifle Performance ------------- Evolutions (0) 0 Regions Visited (4) 800 Robots Destroyed (30) 150 Value Destroyed (490) 490 Prototype IDs (23) 460 Alien Tech Used (0) 0 Bonus (166) 166 TOTAL SCORE: 2066 Bonus ------- Follower Combat Kills 7 Aligned with FarCom 300 Friendly Fire -141 Cogmind --------- Core Integrity 0/250 Matter 292/300 Energy 250/250 System Corruption 0% Temperature Cool (6) Movement Walking (130) Location -9/Mines Parts ------- > --- POWER (1) -------- Ion Engine > --- PROPULSION (2) --- Aluminum Leg Makeshift Leg > --- UTILITY (2) ------ Small Storage Unit Medium Storage Unit > --- WEAPON (2) ------- Light Assault Rifle Heavy Battle Rifle > --- INVENTORY (10) --- Aluminum Leg Aluminum Leg Aluminum Leg Compact Wheel Terrain Scan Processor Cloak of Protection EM Pulse Gun Assault Rifle Rocket Launcher Mining Laser Peak State ------------ > --- POWER ------------ Ion Engine > --- PROPULSION ------- Aluminum Leg Makeshift Leg > --- UTILITY ---------- Small Storage Unit Medium Storage Unit > --- WEAPON ----------- Heavy Battle Rifle Rocket Launcher > --- INVENTORY -------- Ion Engine Aluminum Leg Aluminum Leg Compact Wheel Cloak of Protection EM Pulse Gun Assault Rifle Light Assault Rifle Mining Laser [Rating: 15] Favorites ----------- Power Ion Engine Engine Ion Engine Power Core Light Nuclear Core Propulsion Light Treads Treads Light Treads Leg Makeshift Leg Utility Small Storage Unit Storage Small Storage Unit Weapon Grenade Launcher Energy Gun EM Pulse Gun Ballistic Gun Light Assault Rifle Launcher Grenade Launcher Build | -11 -10 -10 -10 -9 ------- Run | Yrd Mat Min Exi Min Slots Evolved . | . . . . . Power . | . . . . . Propulsion . | . . . . . Utility . | . . . . . Weapon . | . . . . . Parts Attached 19 | 6 4 3 . 6 Power 4 | 1 2 . . 1 Engine 3 | 1 1 . . 1 Core 1 | . 1 . . . Reactor . | . . . . . Propulsion 6 | 2 . . . 4 Treads 2 | 2 . . . . Leg 4 | . . . . 4 Wheel . | . . . . . Hover . | . . . . . Flight . | . . . . . Utility 2 | 1 . 1 . . Device . | . . . . . Storage 2 | 1 . 1 . . Processor . | . . . . . Hackware . | . . . . . Protection . | . . . . . Artifact . | . . . . . Weapon 7 | 2 2 2 . 1 Energy Gun 2 | 1 1 . . . Energy Cannon . | . . . . . Ballistic Gun 3 | 1 . 2 . . Ballistic Cannon . | . . . . . Launcher 2 | . 1 . . 1 Special Weapon . | . . . . . Impact Weapon . | . . . . . Slashing Weapon . | . . . . . Piercing Weapon . | . . . . . Special Melee Weapon . | . . . . . Unidentified Prototypes . | . . . . . Parts Lost 4 | . 2 . . 2 Power 2 | . 1 . . 1 Propulsion . | . . . . . Utility . | . . . . . Weapon 2 | . 1 . . 1 Highest Loss Streak 1 | . 1 . . 1 To Critical Strikes . | . . . . . Average Backups 8 | 2 7 8 10 9 Power 1 | . 1 1 1 . Propulsion 2 | 1 3 3 3 3 Utility . | . . . . 1 Weapon 3 | . 2 4 5 4 Tool/Special . | . . . . . Unused Backups 8 | . . . 1 7 Power . | . . . . . Propulsion 3 | . . . . 3 Utility 2 | . . . . 2 Weapon 3 | . . . 1 2 Tool/Special . | . . . . . Average Slot Usage (%) 95 | . 84 99 100 97 Engine 13 | . 10 14 14 13 Treads 21 | . 28 28 28 1 Leg 5 | . . . . 25 Storage 24 | . 14 27 28 28 Energy Gun 4 | . 12 4 . . Ballistic Gun 14 | . 14 10 14 23 Launcher 8 | . 1 12 14 3 Peak Build Rating 15 | 6 8 11 11 15 Average Rating 8 | 4 6 7 11 13 On Entrance 6 | . 6 6 11 11 Avg Prop Armor Cover (%) 7 | . . . . 7 Naked Turns . | . . . . . Heaviest Build 28 | 11 15 27 27 28 Greatest Support 40 | 40 40 40 40 40 Greatest Overweight (x) 8 | . . . . 8 Average Overweight (x) . | . . . . . Largest Inventory Capacity 10 | 8 8 10 10 10 Average Capacity 9 | 6 8 9 10 10 Most Carried 10 | 5 8 10 10 10 Average Carried 8 | 2 7 8 9 9 Final Capacity 10 | 8 8 10 10 10 Final Carried 10 | 5 8 10 10 10 Class Distribution -------------------- 87% | Mutant 12% | Scavenger-Mutant Dominant Class ---------------- Mutant | -10/Materials Mutant | -10/Mines Mutant | -10/Exiles Scavenger-Mutant | -9/Mines Resources | -11 -10 -10 -10 -9 ----------- Run | Yrd Mat Min Exi Min Matter Collected 812 | 139 265 118 . 290 Remotely . | . . . . . Salvage Created 578 | . 295 52 . 231 Parts 41 | . 20 16 . 5 Haulers Intercepted . | . . . . . Recyclers Shooed 4 | . 2 . . 2 Parts Field Recycled . | . . . . . Retrieved Matter . | . . . . . Parts Self-Destructed . | . . . . . Prevented . | . . . . . Parts Restored . | . . . . . Kills | -11 -10 -10 -10 -9 ------- Run | Yrd Mat Min Exi Min Combat Hostiles Destroyed 29 | . 11 9 . 9 Guns 8 | . 4 2 . 2 AOE 21 | . 7 7 . 7 Classes Destroyed 7 | . 5 1 . 1 Worker 1 | . 1 . . . Builder 1 | . 1 . . . Tunneler 1 | . . 1 . . Recycler 3 | . 1 . . 2 Swarmer 14 | . 3 9 . 2 Grunt 9 | . 8 . . 1 Assembled 6 | . . . . 6 Thug 1 | . . . . 1 Best Kill Streak 10 | . 10 4 . 5 Combat Bots Only 7 | . 7 3 . 4 Max Kills in Single Turn 3 | . 3 2 . 3 Gunslinging . | . . . . . Exploded 2 | . 2 2 . 2 Melee . | . . . . . Uniques/NPCs Destroyed . | . . . . . Combat | -11 -10 -10 -10 -9 -------- Run | Yrd Mat Min Exi Min Hostile Shots Fired 115 | . 64 15 9 27 Missed 34 | . 18 4 4 8 Hits 81 | . 46 11 5 19 Melee 4 | . . . . 4 Projectile 77 | . 46 11 5 15 Critical Strikes 5 | . 2 1 . 2 Part Disruptions 2 | . . . . 2 Damage Taken 1115 | . 524 110 74 407 Core 256 | . 117 13 . 126 Absorbed by Shields . | . . . . . Core Remaining (%) 100 | 100 . . . . Volleys Fired 64 | . 31 9 . 24 Largest 2 | . 2 2 . 2 Hottest 70 | . 60 70 . 66 Shots Fired 121 | . 60 17 . 44 Gun 97 | . 55 9 . 33 Cannon . | . . . . . Launcher 24 | . 5 8 . 11 Special . | . . . . . Kinetic 67 | . 31 3 . 33 Thermal 12 | . 12 . . . Explosive 24 | . 5 8 . 11 Electromagnetic 18 | . 12 6 . . Robot Hit Streak 10 | . 10 3 . 6 Robot Miss Streak 4 | . 2 3 . 4 Penetration Max . | . . . . . Secondary Targets 1 | . . . . 1 Max Gunslinging Chain 1 | . . . . 1 Shots Hit Robots 66 | . 40 6 . 20 Core Hits 57 | . 24 13 . 20 Critical Kills . | . . . . . Critical Parts Destroyed . | . . . . . Critical Strikes . | . . . . . Melee Attacks . | . . . . . Impact . | . . . . . Slashing . | . . . . . Piercing . | . . . . . Sneak Attacks . | . . . . . Combat Hostiles . | . . . . . Follow-up Attacks . | . . . . . Damage Inflicted 2718 | . 1195 577 . 946 Guns 762 | . 477 31 . 254 Cannons . | . . . . . Explosions 1919 | . 718 509 . 692 Melee . | . . . . . Ramming 37 | . . 37 . . Kinetic 516 | . 253 9 . 254 Thermal 112 | . 112 . . . Explosive 1919 | . 718 509 . 692 Electromagnetic 134 | . 112 22 . . Impact . | . . . . . Slashing . | . . . . . Piercing . | . . . . . Highest Corruption . | . . . . . Average Corruption . | . . . . . Corruption Purged . | . . . . . Corruption Blocked . | . . . . . Overload Shots . | . . . . . Overflow Damage 78 | . . 53 . 25 Projectiles . | . . . . . Explosions 78 | . . 53 . 25 Melee . | . . . . . Knockbacks . | . . . . . Impact . | . . . . . Kinetic . | . . . . . Secondary . | . . . . . Self-Inflicted Damage 66 | . . 24 . 42 Shots 4 | . . 2 . 2 Rammed 7 | . . 7 . . Targets Rammed 7 | . . 7 . . Kicked . | . . . . . Crushed . | . . . . . Highest Temperature 74 | . 54 18 . 74 Average Temperature 18 | . 22 8 . 16 Received Heat Transfer 410 | . 291 . 12 107 Siege Activations . | . . . . . Martial Activations . | . . . . . Shielding Activations . | . . . . . Robots Disrupted . | . . . . . Combat Hostiles . | . . . . . Robots Corrupted . | . . . . . Combat Hostiles . | . . . . . Parts Fried . | . . . . . Impact Corruptions . | . . . . . Robots Melted . | . . . . . Combat Hostiles . | . . . . . Parts Melted . | . . . . . Heat Transferred 250 | . 250 . . . Parts Sabotaged . | . . . . . Parts Stolen . | . . . . . Parts Stripped . | . . . . . Power Chain Reactions . | . . . . . Alert | -11 -10 -10 -10 -9 ------- Run | Yrd Mat Min Exi Min Maximum Alert Level . | . . . . . Low Security (%) 100 | 100 100 100 . 100 Level 1 . | . . . . . Level 2 . | . . . . . Level 3 . | . . . . . Level 4 . | . . . . . Level 5 . | . . . . . High Security . | . . . . . Max Security . | . . . . . Peak Influence 177 | . 177 93 . 88 Initial 34 | . . 34 . . Average 33 | . 67 25 . 14 Influence Increases 774 | . 339 266 . 169 Destroy 0b10 Robot/C 480 | . 220 180 . 80 Destroy 0b10 Robot/NC 30 | . 15 5 . 10 Destroy Leader 90 | . 50 30 . 10 Allied During Kill 4 | . . . . 4 Successful Hack 20 | . 12 8 . . Destroy Structure 120 | . 12 43 . 65 Lose Combat Pursuer 30 | . 30 . . . Influence Decreases 774 | . 251 354 . 169 Entered New Map 54 | . . 54 . . Time Decay 680 | . 231 300 . 149 Lost Part 40 | . 20 . . 20 Squads Dispatched 3 | . 3 . . . Investigation 2 | . 2 . . . Extermination . | . . . . . Reinforcement 1 | . 1 . . . Assault . | . . . . . Garrison . | . . . . . Intercept . | . . . . . Searches Triggered . | . . . . . Construction Impeded . | . . . . . Haulers Reinforced . | . . . . . Active Scanning Responses . | . . . . . Cargo Convoy Interrupts . | . . . . . Stealth | -11 -10 -10 -10 -9 --------- Run | Yrd Mat Min Exi Min Distress Signals 1 | . 1 . . . Communications Jammed . | . . . . . Distress Signals . | . . . . . Times Spotted 43 | . 17 9 2 15 Peak Tracking Total 6 | . 6 3 2 5 Tactical Retreats 1 | . 1 . . . Traps | -11 -10 -10 -10 -9 ------- Run | Yrd Mat Min Exi Min Traps Triggered . | . . . . . Indirectly . | . . . . . Trap Hack Attempts . | . . . . . Triggered . | . . . . . Disarmed . | . . . . . Reprogrammed . | . . . . . Reused . | . . . . . Traps Extracted . | . . . . . Installed . | . . . . . Triggered . | . . . . . Machines | -11 -10 -10 -10 -9 ---------- Run | Yrd Mat Min Exi Min Machines Disabled . | . . . . . Max in Single Turn . | . . . . . Machines Repaired . | . . . . . Machines Dismantled . | . . . . . Machines Sabotaged . | . . . . . Overloaded Fab Kills . | . . . . . Hacking | -11 -10 -10 -10 -9 --------- Run | Yrd Mat Min Exi Min Machines Accessed 6 | . 4 1 1 . Terminals 5 | . 4 1 . . Fabricators . | . . . . . Repair Stations . | . . . . . Recycling Units . | . . . . . Scanalyzers . | . . . . . Garrison Access . | . . . . . Total Hacks 15 | . 12 2 1 . Successful 5 | . 3 1 1 . Failed 10 | . 9 1 . . Catastrophic 3 | . 3 . . . Database Lockouts . | . . . . . Manual 11 | . 8 2 1 . Terminals 14 | . 12 2 . . Fabricators . | . . . . . Repair Stations . | . . . . . Recycling Units . | . . . . . Scanalyzers . | . . . . . Garrison Access . | . . . . . Terminal Hacks 5 | . 3 1 1 . Robot Analysis 1 | . 1 . . . Branch Access Points 1 | . . 1 . . Security Status 1 | . 1 . . . Transport Status 1 | . 1 . . . Proto ID Catalog 1 | . . . 1 . Fabricator Hacks . | . . . . . Repair Station Hacks . | . . . . . Recycling Unit Hacks . | . . . . . Scanalyzer . | . . . . . Garrison Access Hacks . | . . . . . Unauthorized Hacks . | . . . . . Terminals . | . . . . . Fabricators . | . . . . . Repair Stations . | . . . . . Recycling Units . | . . . . . Scanalyzers . | . . . . . Garrison Access . | . . . . . Data Cores Recovered . | . . . . . Used . | . . . . . Hacking Detections 5 | . 4 1 . . Full Trace Events 2 | . 2 . . . Feedback Events . | . . . . . Feedback Blocked . | . . . . . Robot Schematics Acquired . | . . . . . Robots Built . | . . . . . Authchips . | . . . . . Time . | . . . . . Total Robot Build Rating . | . . . . . Part Schematics Acquired . | . . . . . Parts Built . | . . . . . Authchips . | . . . . . Time . | . . . . . Total Part Build Rating . | . . . . . Part Studies Acquired . | . . . . . Parts Repaired . | . . . . . Time . | . . . . . Parts Recycled . | . . . . . Recycled Matter . | . . . . . Retrieved Matter . | . . . . . Retrieved Components . | . . . . . Parts Scanalyzed . | . . . . . Part Schematics Acquired . | . . . . . Parts Damaged . | . . . . . Bothacking | -11 -10 -10 -10 -9 ------------ Run | Yrd Mat Min Exi Min Used RIF Installer . | . . . . . Robots Hacked . | . . . . . Non-combat . | . . . . . Combat . | . . . . . Robot Hacks Applied . | . . . . . Relay Couplers Released . | . . . . . Fabnet Peak Effective % . | . . . . . Robots Rewired . | . . . . . Allies Hacked . | . . . . . Hacks Repelled . | . . . . . Allies | -11 -10 -10 -10 -9 -------- Run | Yrd Mat Min Exi Min Total Allies 1 | . . . . 1 Largest Group 1 | . . . . 1 Highest-Rated Group 31 | . . . . 31 Highest-Rated Ally 31 | . . . . 31 Total Orders . | . . . . . Ally Attacks 11 | . . . . 11 Total Damage 83 | . . . . 83 Kills 2 | . . . . 2 Allies Corrupted . | . . . . . Allies Melted . | . . . . . Intel | -11 -10 -10 -10 -9 ------- Run | Yrd Mat Min Exi Min Active Infowar (turns) . | . . . . . Robot Analysis Total 1 | . 1 . . . Derelict Logs Recovered . | . . . . . Drone Launches . | . . . . . Drone Recoveries . | . . . . . Exploration | -11 -10 -10 -10 -9 ------------- Run | Yrd Mat Min Exi Min Turns Passed 3099 | 109 703 1156 468 663 Spaces Moved 1789 | 63 331 686 292 417 Core 8 | 5 . . . 3 Treads 1369 | 58 331 686 292 2 Legs 412 | . . . . 412 Wheels . | . . . . . Hover . | . . . . . Flight . | . . . . . Fastest Speed 50 | 50 160 160 160 130 Average Speed 154 | 151 160 160 160 139 Slowest Speed 450 | 160 160 160 160 450 Overloaded Moves . | . . . . . Propulsion Burnouts . | . . . . . Robots Hopped . | . . . . . Potential Cave-ins . | . . . . . Cave-ins Triggered . | . . . . . Exploration Rate (%) 50 | 3 47 90 60 53 Regions Visited 4 Branch Regions 3 Pre-discovered Areas 1 | . . . . 1 Known Exits Taken . | . . . . . Unknown Exits Taken 4 | 1 1 1 1 . Scrap Searched 2 | . . 1 . 1 Spaces Dug . | . . . . . Terrain Destroyed 174 | . 10 60 . 104 Melee . | . . . . . Projectile 3 | . . . . 3 AOE 171 | . 10 60 . 101 Terrain Rammed . | . . . . . Walls Destroyed . | . . . . . Machines Disabled . | . . . . . Actions | -11 -10 -10 -10 -9 --------- Run | Yrd Mat Min Exi Min Total 1989 | 74 442 724 293 456 Wait 86 | . 74 11 . 1 Move 1785 | 62 330 685 291 417 Hop . | . . . . . Pick Up 12 | 6 2 2 1 1 Fast Attach 13 | 5 2 4 . 2 Attach 3 | 1 . . . 2 Detach 2 | . . 2 . . Swap 10 | . 3 1 . 6 Drop 7 | . . 3 1 3 Fire 64 | . 31 9 . 24 Melee . | . . . . . Ram . | . . . . . Kick . | . . . . . Crush 7 | . . 7 . . Escape Stasis . | . . . . . Rewire . | . . . . . Trap . | . . . . . Miscellaneous . | . . . . . Route ------- -11/Scrapyard -10/Materials (discovered 3 exits: [*Mat] / *Min x2) -10/Mines (discovered 3 exits: [*Mat x2] / *Exi) -10/Exiles -9/Mines History --------- Turn | Location | Event 15 | -11/Scrapyard | Discovered new exit (range 15) 110 | -11/Scrapyard | Entered Materials 301 | -10/Materials | Build established: Mutant 526 | -10/Materials | Discovered new exit (range 15) 533 | -10/Materials | Destroyed 7 combat bots 620 | -10/Materials | Discovered new exit (range 16) 789 | -10/Materials | Discovered new exit (range 4) 813 | -10/Materials | Entered Mines 1064 | -10/Mines | Discovered new exit (range 10) 1388 | -10/Mines | Received a Rocket Launcher from a helpful Derelict 1657 | -10/Mines | Core integrity fell below 50% 1852 | -10/Mines | A weapon hastily lodged in a ceiling crevice suddenly fell to the ground 1889 | -10/Mines | Discovered new exit (range 9) 1959 | -10/Mines | Deemed a non-threat by the Exiles lab entrance 1961 | -10/Mines | Discovered new exit (range 5) 1969 | -10/Mines | Entered Exiles 2013 | -10/Exiles | Met 8R-AWN 2049 | -10/Exiles | Met EX-HEX 2093 | -10/Exiles | Met EX-BIN 2125 | -10/Exiles | Aligned with FarCom system 2126 | -10/Exiles | Given EX-Vault access code 2173 | -10/Exiles | Opened EX-Vault 2186 | -10/Exiles | Found Cloak of Protection 2216 | -10/Exiles | Warned to stay clear of 0b10 Research branches 2239 | -10/Exiles | Exiles lab attacked by MAIN.C 2421 | -10/Exiles | Discovered new exit (range 11) 2437 | -10/Exiles | Left Exiles lab with Cloak of Protection 2437 | -10/Exiles | Entered Mines 2450 | -9/Mines | Escorted by a lone wolf Derelict 2470 | -9/Mines | Learned location of Storage (-9) 2616 | -9/Mines | Assembled infested the area 2748 | -9/Mines | Build established: Scavenger-Mutant 2830 | -9/Mines | Core integrity fell below 20% 3100 | -9/Mines | Destroyed by as-27962 with Assembled Heavy Rifle Last Messages --------------- 02908_ U-05 Engineer lays Concrete. 02923_ Acquired 15 matter. 02928_ Dropped Aluminum Leg. 02930_ Acquired 10 matter. 02938_ U-05 Engineer builds a Wall. 02940_ The unstable cave ceiling collapses. 02954_ U-05 Engineer lays Concrete. 02962_ U-05 Engineer builds a Wall. 02967_ U-05 Engineer lays Concrete. 02968_ U-05 Engineer builds a Wall. 02973_ U-05 Engineer lays Concrete. 02978_ K-01 Serf collects debris. 03026_ K-01 Serf cleans the Matter Pump. 03041_ K-01 Serf collects debris. 03090_ A derelict is hurriedly installing traps. 03092_ 44-KAX(g): "Hehe, this'll put a wrench in their mining defense operations..." 03092_ 44-KAX(g) slips into the shadows. 03099_ R-06 Scavenger collects Wheel. 03100_ K-01 Serf collects debris. Map ----- +----------------------------------------------------+ | ???????????# #????## ## #? | | ???????????#%! #?????# #?# #? | | ???????????# [ ##????## #?# #? | | ???????????## ##????## """ ##?# #? | | ????????????# ######## """ #### ## | | ????????????# """ # | | ???????????## ### ### # | | ??????????## ### ### ## # | | ????????### # ## | | ???????## #### # ## | | ???????# ##??# # # #### | | ???????# ##?# % ##### ### | | ???????## ##??## #??### ## | | ??######## #????# #????## ## | | ??# # #????# %r #?????## #? | | ??# ! ! # ####?# = #??????##### #? | | ??# # #### ##??????????## ##? | | ??# ! # #####k%#???????#????## #?# | | ??# !! #### # #?# #?????? ##????# #### | | ??# ### # #?#= #???? #????# #### | | ??# # % # #?#%!#??? #????# #### | | ???# ###??! ### #????###?# | | ????# # =# ### #?????????## | | ????# # %##% #???????????## | | ????# ## ! #?????????????# | | ???# ### @ =% ###?????????????# | | ??# ##?# #??????????# | | ??# ####??## ### ## #??????????# | | ??## #???????####?## #????????????# | | ???##???????????????# ^ #????????????# | | ????????????????????? #^ ???????????# | | ????????????????????? ?#??????????## | | ??????????????????????=!! =####????????????# | | ??????????????????????#%=!!#?????????????### | | ???????????????????????#%*%#????????????## # | | ????????????????????????#aa#??#?????????# | | ?????????????????????????!!%?|%*=???????# | | ??????????????????????????*##?#!= ??????# # | | ???????????????????????????????#* ?????# # | | ????????????????????????????????# =#???## # | | ?????????????????????????????????#=%#?## | | ?????????????????????????????????#/! ## | | ?????????????????????????????????# % | | ?????????????????????????????????## = | | ??????????????????????????????????## | | | ???????????????????????????????????## | | ???????????????????????????????????## # | | ???????????????????????????????????# | | ???????????????????????????????????# | | ??????????????????????????????????## | +----------------------------------------------------+ Best States ------------- Heat Dissipation 25 Energy Generation 14 Energy Capacity 250 Matter Stores 300 Matter Capacity 300 Sight Range 16 Terrain Scan Density 10 Evasion (%) 55 Recoil Reduction 2 Item Schematics ----------------- None Robot Schematics ------------------ None Fabricated ------------ Nothing Repaired ---------- Nothing Studied --------- None Alien Tech Used ----------------- None Achievements -------------- None Challenges ------------ None Game ------ Seed ShrapnelShadeForcewell Manual? 0 Play Time 00:22:59 Cumulative 12.1 hours Start 2026.08.28 @ 18:07:52 End 2026.08.28 @ 18:28:34 Sessions 1 Manual Loads 0 Difficulty Rogue Special Mode None Game No. 17 Rogue 17 Adventurer 0 Explorer 0 Win Type - Total 0 Types 0/0/0/0/0/0/0/0/0/0 Lore% 8 Gallery% 12 Achievement% 11 Wizard Run 0 Options --------- Layout 1 ASCII 0 Keyboard 1 Movement Arrows Keybinds 1 Fullscreen 2 Font 36/Smallcaps Map View 50x40 Zoom Use 0% Tactical HUD 1 Map Filters NONE Filters NONE Steam 1 RUN: bf7eb966-26a6-4abc-9381-1151f48527ce